Map: 16-Bit LE

Players

Eshar - Winner!

  • Race: Protoss Protoss
  • League: Gold
  • Spawn Location: 1:00

A.I. 1 (Very Easy)

  • Race: Protoss Protoss
  • Spawn Location: 7:00

VOD

Have the link to the VOD?

Description

Time

  • Played on: May 29, 2018, 7:08 p.m.
  • Length: 10:19
Show
View Real Time Build Order
Export as new Build Order

Eshar Protoss - Winner!

Build Orders: 1 Gate Expand, Oracle Opening, Phoenix Opening 

Get SALT Encoding   

  12  0:01  Probe  
  13  0:13  Probe  
  14  0:18  Pylon  
  14  0:25  Probe  
  15  0:36  Probe  
  15  0:37  Gateway  
  16  0:44  Probe  
  17  0:50  Assimilator  
  17  0:54  Probe  
  18  1:06  Probe  
  19  1:18  Probe  
  19  1:31  Probe  
  20  1:33  Nexus  
  20  1:43  Probe  
  20  1:46  Cybernetics Core  
  21  1:51  Assimilator  
  21  2:02  Pylon  
  21  2:07  Probe  
  22  2:16  Adept  
  22  2:17  Probe  
  23  2:25  Probe, Warp Gate  
  26  2:35  Probe  
  26  2:38  Adept  
  26  2:39  Stargate  
  27  2:45  Probe  
  27  2:47  Probe  
  31  2:57  Probe  
  32  2:59  Probe  
  33  3:09  Probe  
  33  3:11  Probe  
  35  3:14  Oracle  
  35  3:21  Probe  
  35  3:24  Probe  
  40  3:30  Pylon  
  40  3:31  Pylon  
  41  3:34  Probe  
  41  3:36  Probe  
  42  3:46  Probe  
  42  3:48  Probe  
  44  3:51  Phoenix  
  44  3:52  Gateway  
  46  3:58  Probe  
  46  4:00  Robotics Facility, Probe  
  46  4:02  Gateway  
  48  4:08  Assimilator  
  48  4:10  Assimilator, Probe  
  48  4:12  Probe  
  50  4:22  Probe  
  51  4:24  Probe  
  52  4:34  Probe  
  53  4:43  Twilight Council  
  53  4:45  Adept  
  55  4:59  Resonating Glaives  
  55  5:00  Nexus  
  55  5:01  Warp Prism  
  55  5:02  Pylon  
  57  5:28  Sentry x3, Immortal  
  67  5:51  Sentry  
  69  6:03  Gateway  
  69  6:04  Gateway  
  69  6:05  Gateway  
  69  6:10  Immortal  
  73  6:20  Sentry x3  
  79  6:42  Observer  
  79  6:46  Gateway  
  79  6:49  Gateway  
  80  7:26  Probe  
  81  7:33  Pylon  
  81  7:34  Pylon  
  81  7:37  Pylon  
  81  7:38  Pylon  
  81  7:40  Pylon  
  81  7:42  Pylon  
  81  7:44  Pylon  
  81  7:45  Pylon  
  81  7:57  Adept x2  
  81  7:58  Adept x6  
  97  8:06  Pylon  
  97  8:07  Pylon  
  97  8:08  Pylon  
  97  8:09  Pylon  
  97  8:42  Adept x2  
  97  8:43  Adept x6  
  113  9:04  Adept x5  
  113  9:05  Adept x3  
  129  9:40  Adept x5  
  129  9:41  Adept x3  
  145  10:04  Adept  
  145  10:05  Adept x6  
  145  10:06  Adept  
Show
View Real Time Build Order
Export as new Build Order

A.I. 1 (Very Easy) Protoss 

Build Orders:  

Get SALT Encoding   

  12  0:00  Probe  
  13  0:13  Probe  
  14  0:20  Pylon  
  14  0:37  Assimilator  
  14  0:42  Gateway  
  14  0:47  Pylon  
  14  1:14  Assimilator  
  14  1:18  Probe  
  15  1:26  Probe  
  16  1:33  Cybernetics Core  
  16  1:35  Probe  
  17  1:45  Probe  
  18  1:55  Probe  
  18  2:00  Warp Gate  
  19  2:03  Probe  
  20  2:12  Stalker  
  22  5:35  Probe  
  22  5:38  Zealot  
  22  5:40  Pylon  
  22  5:42  Robotics Facility  
  25  5:43  Probe  
  26  5:53  Probe  
  27  6:05  Probe  
  27  6:11  Pylon  
  28  6:14  Probe  
  29  6:22  Probe  
  28  6:29  Observer  
  28  6:32  Probe  
  30  6:33  Zealot  
  31  6:51  Observer  
  32  7:15  Nexus  
  32  7:28  Stalker  
  33  8:19  Stalker  
  35  8:22  Pylon  
  29  8:28  Probe  
  28  8:35  Probe  
  28  8:38  Assimilator  
  28  8:41  Assimilator  
  25  8:42  Probe  
  25  8:47  Zealot  
  24  8:50  Probe  
  25  8:56  Robotics Facility  
  17  9:04  Probe  
  11  9:16  Stalker, Assimilator, Probe  
  14  9:19  Pylon  
  14  9:25  Probe  
  13  9:33  Probe  
  13  9:37  Pylon  
  14  9:39  Pylon  
  14  9:43  Probe  
  15  9:55  Probe  
Tags
 
Add a new tag
Caveats
  • Supply blocks, unpowered buildings, or Contaminate may cause inaccurate times.
  • Supply counts are checked every 10 seconds.